Red Wings vs Blackhawks

Created - 30 octobre 2023 at 19:31

Goals
1 2 3 T
Red Wings 0 2 0 2
Blackhawks 1 0 0 1
Shots
1 2 3 T
Red Wings 12 9 11 32
Blackhawks 12 11 9 32

GoalsPenalties
1st period
1. Blackhawks , Tyler Bertuzzi 1 (Tomas Tatar 1, Mikael Backlund 8) at 11:32
No Penalty
2nd period
2. Red Wings , John Tavares 2 (David Pastrnak 4) at 13:42 (PP)
3. Red Wings , John Tavares 3 (Oliver Bjorkstrand 1, Kyle Okposo 4) at 17:58
Carson Soucy (CHI) for Roughing (Minor) at 13:31
Luke Kunin (CHI) for Tripping (Minor) at 14:24
3rd period
No Goal
Dylan DeMelo (DET) for Hooking (Minor) at 2:39
Luke Kunin (CHI) for Holding (Minor) at 12:18
Goalie Stats
Marc-Andre Fleury (DET), 31 saves from 32 shots - (0,969), W, 2-3-1, 60:00 minutes
David Rittich (CHI), 30 saves from 32 shots - (0,938), L, 3-1-0, 59:14 minutes
3 StarsOfficial
1 - John Tavares (DET)
2 - Marc-Andre Fleury (DET)
3 - Oliver Bjorkstrand (DET)
Referees : Pierre Lambert and Kyle Rehman
Linesman : Vaughan Rody and Justin Cornell
Game Note
13:50 of 2nd period - Penalty Shot by John Tavares for Red Wings - Stopped by David Rittich
Finance
Level 1 -- Attendance: 5340 (89,00%) -- Ticket Income $534,000
Level 2 -- Attendance: 4778 (95,56%) -- Ticket Income $286,680
Level 3 -- Attendance: 2000 (100,00%) -- Ticket Income $70,000
Level 4 -- Attendance: 4000 (100,00%) -- Ticket Income $80,000
Luxury Box -- Attendance: 990 (99,00%) -- Ticket Income $198,000
Game was played at the United Center.
Total Attendance: 17108 (95,04%)
Total Ticket Income: $1,168,680
Other Income: $572,653
Total Income: $1,741,333



Team Name Goals Shots Shots Attemp Shots Blocked PIM HIT PP PK FO%
Red Wings 23269132181 / 2 (50%)056%
Blackhawks 13270136200 / 2 (0%)144%

Red Wings
Player Name POS G A P +/- PIM HIT SHT SB MP PP MP PP SHT PK MP PK SHT FO% FOT GA TA
Connor BrownLW/RW0000016014:570:0000:0000% 010
David PastrnakLW/RW011-1003117:332:3400:0000% 200
Dylan DeMeloD0000222121:581:5200:0000% 000
Jeff PetryD0000051422:502:1701:1100% 012
John TavaresC/LW2021002019:012:3410:00046% 2422
Jujhar KhairaC/LW/RW000001108:230:0000:5900% 000
Justin HollRW/D0000001121:392:1700:2500% 003
Kailer YamamotoC/LW/RW0000010015:401:3500:0000% 011
Kyle OkposoLW/RW0111002016:280:0000:00050% 202
Lars EllerC/LW/RW0000000015:570:0001:00071% 721
Logan CoutureC/LW000-1012118:361:3500:59062% 1310
Logan StanleyD0000010116:100:0000:4800% 001
Mark ScheifeleC/RW000-1014017:332:3400:0000% 100
Michael CarconeC/LW/RW000000217:210:0000:0000% 000
Noel AcciariC/LW/RW000001008:210:0001:000100% 500
Oliver BjorkstrandLW/RW0111025018:071:3500:000100% 102
Radko GudasD0000011121:331:5201:0400% 000
Scott HarringtonD0000010215:520:0000:3000% 001
Blackhawks
Player Name POS G A P +/- PIM HIT SHT SB MP PP MP PP SHT PK MP PK SHT FO% FOT GA TA
Brock McGinnLW/RW0000000014:380:0002:2200% 011
Carson SoucyD0000200017:520:4701:4000% 010
Dominic ToninatoC/LW0000011010:080:0000:00025% 400
Kevin HayesC/LW/RW0000005118:150:5301:011100% 120
Luke KuninC/RW0000432013:440:0300:1100% 111
Mark StoneRW0000015016:171:0600:000100% 110
Matthew BenningD000-1011119:390:0002:2910% 000
Michael AmadioC/RW0000004011:010:5300:0000% 110
Michael RasmussenC/LW/RW0000021113:350:0000:59083% 600
Mikael BacklundC0110012016:591:0300:00056% 1810
Moritz SeiderD0001020323:221:1201:4000% 012
Nate SchmidtD000-1001017:440:4700:0000% 000
Niko MikkolaD0000011218:390:0002:2900% 012
Phillip Di GiuseppeLW/RW0000002013:300:1401:2700% 210
Roman JosiD0001012321:111:1200:0000% 012
Tomas TatarC/LW/RW0110030115:530:5200:00050% 210
Tyler BertuzziLW/RW1010004015:540:5300:0000% 100
Yanni GourdeC/LW0000041117:270:0002:18028% 1820

Red Wings

5 vs 5 Forward
Line #Left WingCenterRight WingPHYDFOFWanted %Time %Time Play
1David PastrnakLogan CoutureMark Scheifele0323528%14:59
2Oliver BjorkstrandJohn TavaresKyle Okposo0323531%16:35
3Kailer YamamotoLars EllerConnor Brown1222526%14:01
4Jujhar KhairaNoel AcciariMichael Carcone122514%7:21
5 vs 5 Defense
Line #DefenseDefensePHYDFOFWanted %Time %Time Play
1Jeff PetryJustin Holl0323636%18:57
2Dylan DeMeloRadko Gudas0323635%18:37
3Logan StanleyScott Harrington0412829%15:22
4Jeff PetryDylan DeMelo12200%0:00
Power Play Forward
Line #Left WingCenterRight WingPHYDFOFWanted %Time %Time Play
1David PastrnakJohn TavaresMark Scheifele0056062%2:34
2Oliver BjorkstrandLogan CoutureKailer Yamamoto0054038%1:35
Power Play Defense
Line #DefenseDefensePHYDFOFWanted %Time %Time Play
1Jeff PetryJustin Holl0145055%2:17
2Radko GudasDylan DeMelo0145045%1:52
Penalty Kill 4 Players Forward
Line #CenterWingPHYDFOFWanted %Time %Time Play
1Noel AcciariLars Eller0505050%1:00
2Logan CoutureJujhar Khaira0505050%0:59
Penalty Kill 4 Players Defense
Line #DefenseDefensePHYDFOFWanted %Time %Time Play
1Dylan DeMeloRadko Gudas1405075%1:29
2Jeff PetryScott Harrington1405025%0:30
Penalty Kill 3 Players
Line #WingPHYDFOFWanted %Time %Time PlayDefenseDefensePHYDFOFWanted %Time %Time Play
1Lars Eller050500%0:00 Dylan DeMeloRadko Gudas140500%0:00
2Logan Couture050500%0:00 Jeff PetryJustin Holl140500%0:00
4 vs 4 Forward
Line #CenterWingPHYDFOFWanted %Time %Time Play
1John TavaresDavid Pastrnak014500%0:00
2Logan CoutureMark Scheifele023500%0:00
4 vs 4 Defense
Line #DefensePHYDFOFWanted %Time %Time Play
1Jeff PetryScott Harrington032500%0:00
2Radko GudasLogan Stanley032500%0:00
Last Minutes Offensive
Left WingCenterRight WingDefenseDefense
David PastrnakJohn TavaresMark ScheifeleJeff PetryDylan DeMelo
Last Minutes Defensive
Left WingCenterRight WingDefenseDefense
Lars EllerLogan CoutureConnor BrownJeff PetryDylan DeMelo
Time
Total ForwardTotal DefenseLast Minutes OffensiveLast Minutes Defensive
60:00 60:00 0:000:56
Extra Forwards
Normal PowerPlayPenalty Kill
Kailer Yamamoto, Oliver Bjorkstrand, John TavaresLars Eller, Kailer YamamotoConnor Brown
Extra Defensemen
Normal PowerPlayPenalty Kill
Dylan DeMelo, Logan Stanley, Radko GudasDylan DeMelo, Logan StanleyRadko Gudas
Penalty Shots
Mark Scheifele, John Tavares, Logan Couture, Lars Eller, Kailer Yamamoto
Goalie
Marc-Andre Fleury, Carter Hart
Custom OT Lines Forwards
John Tavares, David Pastrnak, Logan Couture, Mark Scheifele, Lars Eller, Oliver Bjorkstrand, Kyle Okposo, Noel Acciari, Kailer Yamamoto, Connor Brown
Custom OT Lines Defensemen
Jeff Petry, Justin Holl, Radko Gudas, Logan Stanley, Dylan DeMelo
Scratches
Zach Aston-Reese (Healthy)

Blackhawks

5 vs 5 Forward
Line #Left WingCenterRight WingPHYDFOFWanted %Time %Time Play
1Kevin HayesYanni GourdeMark Stone0143228%14:56
2Tomas TatarMikael BacklundTyler Bertuzzi1132929%15:24
3Brock McGinnMichael RasmussenLuke Kunin2212423%12:13
4Phillip Di GiuseppeDominic ToninatoMichael Amadio1311519%10:08
5 vs 5 Defense
Line #DefenseDefensePHYDFOFWanted %Time %Time Play
1Roman JosiMoritz Seider1223639%20:25
2Nate SchmidtMatthew Benning1223430%15:56
3Carson SoucyNiko Mikkola1223030%15:42
4Moritz SeiderRoman Josi12201%0:38
Power Play Forward
Line #Left WingCenterRight WingPHYDFOFWanted %Time %Time Play
1Tomas TatarMikael BacklundMark Stone0056055%1:06
2Tyler BertuzziKevin HayesMichael Amadio0054045%0:53
Power Play Defense
Line #DefenseDefensePHYDFOFWanted %Time %Time Play
1Roman JosiMoritz Seider0056061%1:12
2Carson SoucyNate Schmidt0054039%0:47
Penalty Kill 4 Players Forward
Line #CenterWingPHYDFOFWanted %Time %Time Play
1Yanni GourdeBrock McGinn1316076%3:10
2Michael RasmussenLuke Kunin1314024%0:59
Penalty Kill 4 Players Defense
Line #DefenseDefensePHYDFOFWanted %Time %Time Play
1Niko MikkolaMatthew Benning1226060%2:29
2Carson SoucyMoritz Seider1224040%1:40
Penalty Kill 3 Players
Line #WingPHYDFOFWanted %Time %Time PlayDefenseDefensePHYDFOFWanted %Time %Time Play
1Yanni Gourde122600%0:00 Niko MikkolaMatthew Benning122600%0:00
2Michael Rasmussen122400%0:00 Carson SoucyMoritz Seider122400%0:00
4 vs 4 Forward
Line #CenterWingPHYDFOFWanted %Time %Time Play
1Mikael BacklundMark Stone122600%0:00
2Yanni GourdeTyler Bertuzzi122400%0:00
4 vs 4 Defense
Line #DefensePHYDFOFWanted %Time %Time Play
1Roman JosiMoritz Seider122600%0:00
2Nate SchmidtMatthew Benning122400%0:00
Last Minutes Offensive
Left WingCenterRight WingDefenseDefense
Kevin HayesYanni GourdeMark StoneRoman JosiMoritz Seider
Last Minutes Defensive
Left WingCenterRight WingDefenseDefense
Michael RasmussenMikael BacklundBrock McGinnMatthew BenningMoritz Seider
Time
Total ForwardTotal DefenseLast Minutes OffensiveLast Minutes Defensive
60:00 60:00 1:110:00
Extra Forwards
Normal PowerPlayPenalty Kill
Kevin Hayes, Mark Stone, Mikael BacklundMikael Backlund, Mark StoneYanni Gourde
Extra Defensemen
Normal PowerPlayPenalty Kill
Roman Josi, Carson Soucy, Moritz SeiderRoman Josi, Matthew BenningMoritz Seider
Penalty Shots
Kevin Hayes, Brock McGinn, Tomas Tatar, Mark Stone, Dominic Toninato
Goalie
David Rittich, Akira Schmid
Custom OT Lines Forwards
Mark Stone, Mikael Backlund, Kevin Hayes, Tomas Tatar, Yanni Gourde, Tyler Bertuzzi, Michael Rasmussen, Phillip Di Giuseppe, Michael Amadio, Luke Kunin
Custom OT Lines Defensemen
Roman Josi, Moritz Seider, Carson Soucy, Nate Schmidt, Matthew Benning
Scratches
Michael Pezzetta (Healthy), Alexander Alexeyev (Healthy)


Play-by-Play

1st period


0:01 of 1st period - Mark Stone wins face-off versus Logan Couture in neutral zone.
0:51 of 1st period - Slapshot by Connor Brown.
0:51 of 1st period - Stopped by David Rittich without a rebound.
0:52 of 1st period - Mikael Backlund wins face-off versus Lars Eller in Blackhawks zone.
1:13 of 1st period - Matthew Benning is hit by Radko Gudas and loses puck.
1:34 of 1st period - Snap shot by Connor Brown.
1:34 of 1st period - Deflect By Lars Eller.
1:34 of 1st period - Shot Misses the Net.
1:34 of 1st period - Puck is out of play.
1:35 of 1st period - John Tavares wins face-off versus Michael Amadio in Blackhawks zone.
2:31 of 1st period - Radko Gudas is hit by Luke Kunin and loses puck.
2:46 of 1st period - Slapshot by Michael Carcone.
2:46 of 1st period - Stopped by David Rittich with a rebound.
2:48 of 1st period - Slapshot by Dylan DeMelo.
2:48 of 1st period - Stopped by David Rittich without a rebound.
2:49 of 1st period - John Tavares wins face-off versus Yanni Gourde in Blackhawks zone.
2:50 of 1st period - Slapshot by Oliver Bjorkstrand.
2:50 of 1st period - Stopped by David Rittich with a rebound.
2:58 of 1st period - Snap shot by Mark Stone.
2:58 of 1st period - Shot Misses the Net.
3:38 of 1st period - Justin Holl is hit by Moritz Seider and loses puck.
3:49 of 1st period - Slapshot by Roman Josi.
3:49 of 1st period - Stopped by Marc-Andre Fleury with a rebound.
4:03 of 1st period - Tomas Tatar is hit by Jujhar Khaira and loses puck.
4:08 of 1st period - Snap shot by Michael Carcone.
4:08 of 1st period - Deflect By Noel Acciari.
4:08 of 1st period - Shot Misses the Net.
4:08 of 1st period - Puck is out of play.
4:09 of 1st period - Logan Couture wins face-off versus Yanni Gourde in Blackhawks zone.
4:43 of 1st period - Snap shot by Mikael Backlund.
4:43 of 1st period - Stopped by Marc-Andre Fleury with a rebound.
4:49 of 1st period - Backhand shot by Kyle Okposo.
4:49 of 1st period - Shot Misses the Net.
4:51 of 1st period - Snap shot by Dylan DeMelo.
4:51 of 1st period - Deflect By Mikael Backlund.
4:51 of 1st period - Stopped by David Rittich with a rebound.
5:46 of 1st period - Snap shot by David Pastrnak.
5:46 of 1st period - Shot Misses the Net.
5:48 of 1st period - Wrist shot by Mark Scheifele.
5:48 of 1st period - Stopped by David Rittich with a rebound.
5:58 of 1st period - Snap shot by Mark Stone.
5:58 of 1st period - Shot Blocked by Logan Stanley.
6:35 of 1st period - Off-side.
6:36 of 1st period - Logan Couture wins face-off versus Dominic Toninato in neutral zone.
6:45 of 1st period - Snap shot by Mark Scheifele.
6:45 of 1st period - Shot Misses the Net.
6:53 of 1st period - Snap shot by Mark Scheifele.
6:53 of 1st period - Stopped by David Rittich with a rebound.
7:19 of 1st period - Moritz Seider is hit by Dylan DeMelo and loses puck.
8:43 of 1st period - Wrist shot by Connor Brown.
8:43 of 1st period - Stopped by David Rittich without a rebound.
8:44 of 1st period - Mikael Backlund wins face-off versus Mark Scheifele in Blackhawks zone.
8:49 of 1st period - Logan Stanley is hit by Tomas Tatar and loses puck.
9:00 of 1st period - Snap shot by Mark Scheifele.
9:00 of 1st period - Stopped by David Rittich without a rebound.
9:01 of 1st period - Yanni Gourde wins face-off versus John Tavares in Blackhawks zone.
9:33 of 1st period - Snap shot by Tyler Bertuzzi.
9:33 of 1st period - Stopped by Marc-Andre Fleury with a rebound.
9:35 of 1st period - Snap shot by Tomas Tatar.
9:35 of 1st period - Shot Misses the Net.
9:51 of 1st period - Carson Soucy is hit by Noel Acciari.
10:27 of 1st period - Slapshot by Michael Amadio.
10:27 of 1st period - Shot Blocked by Jeff Petry.
10:29 of 1st period - Slapshot by Matthew Benning.
10:29 of 1st period - Shot Blocked by Jeff Petry.
10:31 of 1st period - Slapshot by Nate Schmidt.
10:31 of 1st period - Stopped by Marc-Andre Fleury without a rebound.
10:32 of 1st period - Kyle Okposo wins face-off versus Yanni Gourde in Red Wings zone.
10:50 of 1st period - Snap shot by Mark Stone.
10:50 of 1st period - Shot Blocked by Jeff Petry.
11:28 of 1st period - Icing by Radko Gudas.
11:29 of 1st period - Mikael Backlund wins face-off versus David Pastrnak in Red Wings zone.
11:32 of 1st period - Snap shot by Tyler Bertuzzi.
11:32 of 1st period - Goal by Tyler Bertuzzi - Red Wings : 0 - Blackhawks : 1.
11:33 of 1st period - Mikael Backlund wins face-off versus John Tavares in neutral zone.
12:10 of 1st period - Wrist shot by Mark Scheifele.
12:10 of 1st period - Shot Misses the Net.
12:24 of 1st period - Wrist shot by Michael Amadio.
12:24 of 1st period - Shot Blocked by David Pastrnak.
12:50 of 1st period - Slapshot by Connor Brown.
12:50 of 1st period - Stopped by David Rittich with a rebound.
12:52 of 1st period - Slapshot by Lars Eller.
12:52 of 1st period - Shot Misses the Net.
13:29 of 1st period - Snap shot by Michael Rasmussen.
13:29 of 1st period - Shot Misses the Net.
13:35 of 1st period - Snap shot by Jeff Petry.
13:35 of 1st period - Shot Misses the Net.
13:37 of 1st period - Snap shot by Justin Holl.
13:37 of 1st period - Stopped by David Rittich with a rebound.
17:18 of 1st period - Noel Acciari is hit by Michael Rasmussen and loses puck.
17:42 of 1st period - Logan Couture is hit by Luke Kunin and loses puck.
17:47 of 1st period - Wrist shot by Luke Kunin.
17:47 of 1st period - Stopped by Marc-Andre Fleury with a rebound.
17:55 of 1st period - Snap shot by Michael Rasmussen.
17:55 of 1st period - Stopped by Marc-Andre Fleury with a rebound.
17:57 of 1st period - Slapshot by Kevin Hayes.
17:57 of 1st period - Stopped by Marc-Andre Fleury with a rebound.
17:59 of 1st period - Wrist shot by Michael Rasmussen.
17:59 of 1st period - Shot Misses the Net.
18:35 of 1st period - Carson Soucy is hit by Dylan DeMelo and loses puck.
18:42 of 1st period - Dylan DeMelo is hit by Luke Kunin and loses puck.
18:52 of 1st period - Icing by Mark Scheifele.
18:53 of 1st period - Mikael Backlund wins face-off versus Logan Couture in Red Wings zone.
19:02 of 1st period - Snap shot by Mikael Backlund.
19:02 of 1st period - Stopped by Marc-Andre Fleury without a rebound.
19:03 of 1st period - John Tavares wins face-off versus Mikael Backlund in Red Wings zone.
19:08 of 1st period - Snap shot by Oliver Bjorkstrand.
19:08 of 1st period - Stopped by David Rittich with a rebound.
19:14 of 1st period - Slapshot by Mikael Backlund.
19:14 of 1st period - Shot Misses the Net.
19:16 of 1st period - Wrist shot by Tyler Bertuzzi.
19:16 of 1st period - Stopped by Marc-Andre Fleury without a rebound.
19:17 of 1st period - John Tavares wins face-off versus Yanni Gourde in Red Wings zone.
19:30 of 1st period - Slapshot by Yanni Gourde.
19:30 of 1st period - Stopped by Marc-Andre Fleury with a rebound.
19:44 of 1st period - Snap shot by Michael Amadio.
19:44 of 1st period - Stopped by Marc-Andre Fleury without a rebound.
19:45 of 1st period - Lars Eller wins face-off versus Phillip Di Giuseppe in Red Wings zone.
19:49 of 1st period - Off-side.
19:50 of 1st period - Lars Eller wins face-off versus Dominic Toninato in neutral zone.
Goals for this period are 0 for Red Wings vs 1 for Blackhawks.
Shots for this period are 12 for Red Wings vs 12 for Blackhawks.

2nd period


0:01 of 2nd period - Kevin Hayes wins face-off versus Kyle Okposo in neutral zone.
0:10 of 2nd period - Wrist shot by John Tavares.
0:10 of 2nd period - Shot Blocked by Yanni Gourde.
1:00 of 2nd period - Off-side.
1:01 of 2nd period - John Tavares wins face-off versus Phillip Di Giuseppe in neutral zone.
1:10 of 2nd period - Backhand shot by John Tavares.
1:10 of 2nd period - Shot Misses the Net.
1:12 of 2nd period - Snap shot by Kyle Okposo.
1:12 of 2nd period - Shot Misses the Net.
1:14 of 2nd period - Snap shot by Kyle Okposo.
1:14 of 2nd period - Stopped by David Rittich without a rebound.
1:15 of 2nd period - John Tavares wins face-off versus Yanni Gourde in Blackhawks zone.
1:28 of 2nd period - Wrist shot by Mark Stone.
1:28 of 2nd period - Shot Blocked by Scott Harrington.
1:30 of 2nd period - Snap shot by Mark Stone.
1:30 of 2nd period - Shot Misses the Net.
1:42 of 2nd period - Tomas Tatar is hit by Logan Couture and loses puck.
1:51 of 2nd period - Snap shot by David Pastrnak.
1:51 of 2nd period - Shot Misses the Net.
1:53 of 2nd period - Wrist shot by Radko Gudas.
1:53 of 2nd period - Shot Blocked by Moritz Seider.
2:03 of 2nd period - Snap shot by Michael Carcone.
2:03 of 2nd period - Shot Blocked by Michael Rasmussen.
2:05 of 2nd period - Snap shot by Jujhar Khaira.
2:05 of 2nd period - Shot Misses the Net.
2:07 of 2nd period - Slapshot by Dylan DeMelo.
2:07 of 2nd period - Shot Blocked by Moritz Seider.
2:13 of 2nd period - Snap shot by Jujhar Khaira.
2:13 of 2nd period - Shot Misses the Net.
2:25 of 2nd period - Snap shot by Connor Brown.
2:25 of 2nd period - Shot Blocked by Roman Josi.
2:27 of 2nd period - Slapshot by Justin Holl.
2:27 of 2nd period - Shot Blocked by Moritz Seider.
2:29 of 2nd period - Slapshot by Connor Brown.
2:29 of 2nd period - Deflect By Kailer Yamamoto.
2:29 of 2nd period - Shot Blocked by Roman Josi.
2:29 of 2nd period - Puck is out of play.
2:30 of 2nd period - Oliver Bjorkstrand wins face-off versus Yanni Gourde in Blackhawks zone.
2:59 of 2nd period - Wrist shot by David Pastrnak.
2:59 of 2nd period - Stopped by David Rittich with a rebound.
3:23 of 2nd period - Slapshot by Michael Amadio.
3:23 of 2nd period - Stopped by Marc-Andre Fleury with a rebound.
4:03 of 2nd period - Yanni Gourde is hit by Oliver Bjorkstrand.
4:23 of 2nd period - Mark Scheifele is hit by Mikael Backlund and loses puck.
4:54 of 2nd period - Slapshot by Connor Brown.
4:54 of 2nd period - Stopped by David Rittich without a rebound.
4:55 of 2nd period - John Tavares wins face-off versus Yanni Gourde in Blackhawks zone.
5:10 of 2nd period - Snap shot by Mark Stone.
5:10 of 2nd period - Stopped by Marc-Andre Fleury with a rebound.
5:12 of 2nd period - Snap shot by Nate Schmidt.
5:12 of 2nd period - Shot Misses the Net.
5:22 of 2nd period - Matthew Benning is hit by Mark Scheifele.
5:26 of 2nd period - Radko Gudas is hit by Tomas Tatar and loses puck.
5:32 of 2nd period - Off-side.
5:33 of 2nd period - Yanni Gourde wins face-off versus David Pastrnak in neutral zone.
5:38 of 2nd period - Wrist shot by Mark Stone.
5:38 of 2nd period - Stopped by Marc-Andre Fleury with a rebound.
5:40 of 2nd period - Snap shot by Kevin Hayes.
5:40 of 2nd period - Stopped by Marc-Andre Fleury with a rebound.
5:44 of 2nd period - Snap shot by Mark Stone.
5:44 of 2nd period - Shot Misses the Net.
5:46 of 2nd period - Slapshot by Roman Josi.
5:46 of 2nd period - Shot Misses the Net.
5:48 of 2nd period - Wrist shot by Kevin Hayes.
5:48 of 2nd period - Stopped by Marc-Andre Fleury without a rebound.
5:49 of 2nd period - Mikael Backlund wins face-off versus John Tavares in Red Wings zone.
5:54 of 2nd period - Snap shot by Tyler Bertuzzi.
5:54 of 2nd period - Shot Misses the Net.
6:00 of 2nd period - Snap shot by Tyler Bertuzzi.
6:00 of 2nd period - Shot Misses the Net.
6:21 of 2nd period - Wrist shot by Mark Stone.
6:21 of 2nd period - Stopped by Marc-Andre Fleury with a rebound.
6:59 of 2nd period - Niko Mikkola is hit by Logan Stanley and loses puck.
7:49 of 2nd period - Wrist shot by Kevin Hayes.
7:49 of 2nd period - Stopped by Marc-Andre Fleury without a rebound.
7:50 of 2nd period - Lars Eller wins face-off versus Yanni Gourde in Red Wings zone.
8:43 of 2nd period - Off-side.
8:44 of 2nd period - Michael Rasmussen wins face-off versus Logan Couture in neutral zone.
8:49 of 2nd period - Slapshot by Michael Rasmussen.
8:49 of 2nd period - Shot Misses the Net.
9:01 of 2nd period - Matthew Benning is hit by Jeff Petry and loses puck.
9:12 of 2nd period - Kyle Okposo is hit by Mark Stone and loses puck.
10:01 of 2nd period - Snap shot by Dominic Toninato.
10:01 of 2nd period - Deflect By Michael Amadio.
10:01 of 2nd period - Shot Blocked by Justin Holl.
10:01 of 2nd period - Puck is out of play.
10:02 of 2nd period - Noel Acciari wins face-off versus Dominic Toninato in Red Wings zone.
10:02 of 2nd period - Noel Acciari is hit by Roman Josi.
10:16 of 2nd period - Slapshot by Roman Josi.
10:16 of 2nd period - Shot Misses the Net.
10:30 of 2nd period - Snap shot by Dominic Toninato.
10:30 of 2nd period - Deflect By Radko Gudas.
10:30 of 2nd period - Shot Blocked by Radko Gudas.
10:30 of 2nd period - Puck is out of play.
10:31 of 2nd period - John Tavares wins face-off versus Yanni Gourde in Red Wings zone.
10:38 of 2nd period - Kevin Hayes is hit by Oliver Bjorkstrand and loses puck.
11:22 of 2nd period - Logan Stanley is hit by Yanni Gourde.
12:11 of 2nd period - Lars Eller is hit by Yanni Gourde.
12:17 of 2nd period - Lars Eller is hit by Yanni Gourde and loses puck.
12:40 of 2nd period - Slapshot by Roman Josi.
12:40 of 2nd period - Stopped by Marc-Andre Fleury without a rebound.
12:41 of 2nd period - Mikael Backlund wins face-off versus John Tavares in Red Wings zone.
12:46 of 2nd period - Snap shot by Tyler Bertuzzi.
12:46 of 2nd period - Stopped by Marc-Andre Fleury with a rebound.
13:06 of 2nd period - Logan Couture is hit by Niko Mikkola.
13:10 of 2nd period - Slapshot by Radko Gudas.
13:10 of 2nd period - Shot Blocked by Niko Mikkola.
13:31 of 2nd period - Minor Penalty to Carson Soucy for Roughing.
13:32 of 2nd period - John Tavares wins face-off versus Luke Kunin in Blackhawks zone.
13:42 of 2nd period - Wrist shot by John Tavares.
13:42 of 2nd period - Goal by John Tavares - Red Wings : 1 - Blackhawks : 1.
13:43 of 2nd period - Mikael Backlund wins face-off versus John Tavares in neutral zone.
13:50 of 2nd period - Penalty Shot by John Tavares for Red Wings.
13:50 of 2nd period - Wrist shot by John Tavares.
13:50 of 2nd period - Stopped by David Rittich.
13:51 of 2nd period - Mikael Backlund wins face-off versus John Tavares in Red Wings zone.
13:57 of 2nd period - Snap shot by Tyler Bertuzzi.
13:57 of 2nd period - Shot Misses the Net.
14:07 of 2nd period - Snap shot by Mikael Backlund.
14:07 of 2nd period - Shot Blocked by Dylan DeMelo.
14:21 of 2nd period - Slapshot by Connor Brown.
14:21 of 2nd period - Stopped by David Rittich without a rebound.
14:22 of 2nd period - Michael Rasmussen wins face-off versus Lars Eller in Blackhawks zone.
14:24 of 2nd period - Minor Penalty to Luke Kunin for Tripping.
14:25 of 2nd period - John Tavares wins face-off versus Yanni Gourde in Blackhawks zone.
14:53 of 2nd period - Radko Gudas is hit by Yanni Gourde and loses puck.
15:04 of 2nd period - Snap shot by Logan Couture.
15:04 of 2nd period - Deflect By Oliver Bjorkstrand.
15:04 of 2nd period - Shot Blocked by Niko Mikkola.
15:04 of 2nd period - Puck is out of play.
15:05 of 2nd period - Yanni Gourde wins face-off versus John Tavares in Blackhawks zone.
16:14 of 2nd period - Snap shot by Kevin Hayes.
16:14 of 2nd period - Stopped by Marc-Andre Fleury with a rebound.
16:24 of 2nd period - Penalty to Luke Kunin is over, Luke Kunin is back on ice.
16:33 of 2nd period - Icing by Matthew Benning.
16:34 of 2nd period - Noel Acciari wins face-off versus Mikael Backlund in Blackhawks zone.
16:43 of 2nd period - Wrist shot by Michael Carcone.
16:43 of 2nd period - Deflect By Jujhar Khaira.
16:43 of 2nd period - Shot Misses the Net.
16:43 of 2nd period - Puck is out of play.
16:44 of 2nd period - Logan Couture wins face-off versus Tyler Bertuzzi in Blackhawks zone.
16:47 of 2nd period - Snap shot by Mark Scheifele.
16:47 of 2nd period - Stopped by David Rittich with a rebound.
16:53 of 2nd period - Slapshot by Tomas Tatar.
16:53 of 2nd period - Shot Misses the Net.
16:59 of 2nd period - Wrist shot by Tyler Bertuzzi.
16:59 of 2nd period - Shot Misses the Net.
17:15 of 2nd period - Off-side.
17:16 of 2nd period - Michael Rasmussen wins face-off versus John Tavares in neutral zone.
17:28 of 2nd period - Icing by Radko Gudas.
17:29 of 2nd period - Tomas Tatar wins face-off versus John Tavares in Red Wings zone.
17:58 of 2nd period - Snap shot by John Tavares.
17:58 of 2nd period - Goal by John Tavares - Red Wings : 2 - Blackhawks : 1.
17:59 of 2nd period - Logan Couture wins face-off versus Yanni Gourde in neutral zone.
18:12 of 2nd period - Slapshot by David Pastrnak.
18:12 of 2nd period - Deflect By Logan Couture.
18:12 of 2nd period - Stopped by David Rittich with a rebound.
18:26 of 2nd period - Kyle Okposo is hit by Michael Rasmussen and loses puck.
19:07 of 2nd period - Snap shot by Phillip Di Giuseppe.
19:07 of 2nd period - Stopped by Marc-Andre Fleury with a rebound.
19:09 of 2nd period - Snap shot by Phillip Di Giuseppe.
19:09 of 2nd period - Shot Blocked by Jeff Petry.
19:11 of 2nd period - Snap shot by Dominic Toninato.
19:11 of 2nd period - Shot Misses the Net.
19:35 of 2nd period - Slapshot by David Pastrnak.
19:35 of 2nd period - Shot Blocked by Roman Josi.
19:37 of 2nd period - Wrist shot by Logan Couture.
19:37 of 2nd period - Stopped by David Rittich without a rebound.
19:38 of 2nd period - Michael Rasmussen wins face-off versus John Tavares in Blackhawks zone.
Goals for this period are 2 for Red Wings vs 0 for Blackhawks.
Shots for this period are 9 for Red Wings vs 11 for Blackhawks.

3rd period


0:01 of 3rd period - Logan Couture wins face-off versus Mikael Backlund in neutral zone.
0:38 of 3rd period - Slapshot by Oliver Bjorkstrand.
0:38 of 3rd period - Stopped by David Rittich with a rebound.
1:27 of 3rd period - Icing by Logan Stanley.
1:28 of 3rd period - Noel Acciari wins face-off versus Mikael Backlund in Red Wings zone.
1:52 of 3rd period - Wrist shot by Tyler Bertuzzi.
1:52 of 3rd period - Shot Misses the Net.
1:54 of 3rd period - Slapshot by Niko Mikkola.
1:54 of 3rd period - Deflect By Oliver Bjorkstrand.
1:54 of 3rd period - Stopped by Marc-Andre Fleury with a rebound.
2:39 of 3rd period - Minor Penalty to Dylan DeMelo for Hooking.
2:40 of 3rd period - Noel Acciari wins face-off versus Mikael Backlund in Red Wings zone.
3:32 of 3rd period - Mikael Backlund is hit by Jeff Petry and loses puck.
4:36 of 3rd period - Jujhar Khaira is hit by Moritz Seider and loses puck.
4:39 of 3rd period - Penalty to Dylan DeMelo is over, Dylan DeMelo is back on ice.
4:59 of 3rd period - Michael Rasmussen is hit by Scott Harrington.
5:09 of 3rd period - Nate Schmidt is hit by Connor Brown and loses puck.
6:58 of 3rd period - Snap shot by David Pastrnak.
6:58 of 3rd period - Stopped by David Rittich with a rebound.
7:10 of 3rd period - Snap shot by Luke Kunin.
7:10 of 3rd period - Stopped by Marc-Andre Fleury without a rebound.
7:11 of 3rd period - Lars Eller wins face-off versus Mikael Backlund in Red Wings zone.
7:11 of 3rd period - Lars Eller is hit by Matthew Benning.
7:31 of 3rd period - Nate Schmidt is hit by Jeff Petry.
7:37 of 3rd period - Wrist shot by Jujhar Khaira.
7:37 of 3rd period - Shot Misses the Net.
7:39 of 3rd period - Slapshot by Radko Gudas.
7:39 of 3rd period - Deflect By Tyler Bertuzzi.
7:39 of 3rd period - Stopped by David Rittich with a rebound.
7:41 of 3rd period - Snap shot by Michael Carcone.
7:41 of 3rd period - Stopped by David Rittich with a rebound.
7:43 of 3rd period - Snap shot by Jujhar Khaira.
7:43 of 3rd period - Shot Misses the Net.
8:13 of 3rd period - Slapshot by Michael Amadio.
8:13 of 3rd period - Stopped by Marc-Andre Fleury with a rebound.
8:15 of 3rd period - Backhand shot by Matthew Benning.
8:15 of 3rd period - Shot Misses the Net.
8:17 of 3rd period - Wrist shot by Dominic Toninato.
8:17 of 3rd period - Shot Blocked by Logan Couture.
8:19 of 3rd period - Wrist shot by Phillip Di Giuseppe.
8:19 of 3rd period - Stopped by Marc-Andre Fleury with a rebound.
8:23 of 3rd period - Snap shot by Michael Amadio.
8:23 of 3rd period - Stopped by Marc-Andre Fleury with a rebound.
8:25 of 3rd period - Snap shot by Michael Amadio.
8:25 of 3rd period - Shot Blocked by Scott Harrington.
9:02 of 3rd period - Snap shot by Niko Mikkola.
9:02 of 3rd period - Shot Blocked by Michael Carcone.
9:04 of 3rd period - Snap shot by Mark Stone.
9:04 of 3rd period - Stopped by Marc-Andre Fleury with a rebound.
9:06 of 3rd period - Snap shot by Kevin Hayes.
9:06 of 3rd period - Shot Misses the Net.
9:40 of 3rd period - Snap shot by David Pastrnak.
9:40 of 3rd period - Shot Misses the Net.
10:22 of 3rd period - Snap shot by Dominic Toninato.
10:22 of 3rd period - Stopped by Marc-Andre Fleury without a rebound.
10:23 of 3rd period - Dominic Toninato wins face-off versus John Tavares in Red Wings zone.
10:40 of 3rd period - Snap shot by Michael Amadio.
10:40 of 3rd period - Shot Hit the Post.
10:50 of 3rd period - Wrist shot by Dominic Toninato.
10:50 of 3rd period - Shot Misses the Net.
10:58 of 3rd period - Oliver Bjorkstrand is hit by Dominic Toninato and loses puck.
11:21 of 3rd period - Slapshot by Oliver Bjorkstrand.
11:21 of 3rd period - Stopped by David Rittich with a rebound.
11:23 of 3rd period - Wrist shot by Kyle Okposo.
11:23 of 3rd period - Shot Misses the Net.
11:25 of 3rd period - Wrist shot by Oliver Bjorkstrand.
11:25 of 3rd period - Stopped by David Rittich with a rebound.
11:27 of 3rd period - Wrist shot by Oliver Bjorkstrand.
11:27 of 3rd period - Shot Misses the Net.
11:29 of 3rd period - Snap shot by Jeff Petry.
11:29 of 3rd period - Stopped by David Rittich with a rebound.
11:31 of 3rd period - Snap shot by Kyle Okposo.
11:31 of 3rd period - Stopped by David Rittich without a rebound.
11:32 of 3rd period - Logan Couture wins face-off versus Yanni Gourde in Blackhawks zone.
12:18 of 3rd period - Minor Penalty to Luke Kunin for Holding.
12:19 of 3rd period - Yanni Gourde wins face-off versus John Tavares in Blackhawks zone.
12:26 of 3rd period - Off-side.
12:27 of 3rd period - Yanni Gourde wins face-off versus John Tavares in neutral zone.
12:30 of 3rd period - Slapshot by Matthew Benning.
12:30 of 3rd period - Stopped by Marc-Andre Fleury without a rebound.
12:31 of 3rd period - John Tavares wins face-off versus Yanni Gourde in Red Wings zone.
13:12 of 3rd period - Carson Soucy is hit by Jeff Petry and loses puck.
14:18 of 3rd period - Penalty to Luke Kunin is over, Luke Kunin is back on ice.
14:30 of 3rd period - Backhand shot by Michael Carcone.
14:30 of 3rd period - Shot Blocked by Matthew Benning.
14:32 of 3rd period - Wrist shot by Jujhar Khaira.
14:32 of 3rd period - Shot Misses the Net.
14:34 of 3rd period - Wrist shot by Michael Carcone.
14:34 of 3rd period - Deflect By Jujhar Khaira.
14:34 of 3rd period - Stopped by David Rittich with a rebound.
14:36 of 3rd period - Slapshot by Scott Harrington.
14:36 of 3rd period - Shot Blocked by Kevin Hayes.
15:15 of 3rd period - Icing by Radko Gudas.
15:16 of 3rd period - Noel Acciari wins face-off versus Tomas Tatar in Red Wings zone.
15:29 of 3rd period - Wrist shot by David Pastrnak.
15:29 of 3rd period - Stopped by David Rittich without a rebound.
15:30 of 3rd period - Logan Couture wins face-off versus Michael Rasmussen in Blackhawks zone.
16:11 of 3rd period - Lars Eller is hit by Tomas Tatar and loses puck.
16:22 of 3rd period - Snap shot by Tyler Bertuzzi.
16:22 of 3rd period - Shot Misses the Net.
16:40 of 3rd period - Wrist shot by Oliver Bjorkstrand.
16:40 of 3rd period - Deflect By John Tavares.
16:40 of 3rd period - Shot Misses the Net.
16:40 of 3rd period - Puck is out of play.
16:41 of 3rd period - Michael Rasmussen wins face-off versus Logan Couture in Blackhawks zone.
17:08 of 3rd period - Kevin Hayes is hit by Jeff Petry and loses puck.
17:24 of 3rd period - Icing by Yanni Gourde.
17:25 of 3rd period - Lars Eller wins face-off versus Mikael Backlund in Blackhawks zone.
17:26 of 3rd period - Slapshot by Connor Brown.
17:26 of 3rd period - Shot Blocked by Tomas Tatar.
17:28 of 3rd period - Slapshot by Lars Eller.
17:28 of 3rd period - Shot Misses the Net.
17:32 of 3rd period - Snap shot by Connor Brown.
17:32 of 3rd period - Shot Misses the Net.
17:40 of 3rd period - Slapshot by Connor Brown.
17:40 of 3rd period - Stopped by David Rittich with a rebound.
18:45 of 3rd period - Backhand shot by Roman Josi.
18:45 of 3rd period - Deflect By Mark Stone.
18:45 of 3rd period - Stopped by Marc-Andre Fleury with a rebound.
18:57 of 3rd period - Roman Josi is hit by Kailer Yamamoto and loses puck.
19:12 of 3rd period - Icing by Connor Brown.
19:13 of 3rd period - Mikael Backlund wins face-off versus Logan Couture in Red Wings zone.
19:14 of 3rd period - Blackhawks, David Rittich is pulled from the net.
19:28 of 3rd period - Slapshot by Connor Brown.
19:28 of 3rd period - Shot Misses the Net.
19:42 of 3rd period - Slapshot by Luke Kunin.
19:42 of 3rd period - Shot Misses the Net.
19:44 of 3rd period - Slapshot by Nate Schmidt.
19:44 of 3rd period - Deflect By Phillip Di Giuseppe.
19:44 of 3rd period - Shot Misses the Net.
19:44 of 3rd period - Puck is out of play.
19:45 of 3rd period - Paul Maurice call a timeout for Blackhawks.
19:45 of 3rd period - Logan Couture wins face-off versus Mikael Backlund in Red Wings zone.
Goals for this period are 0 for Red Wings vs 0 for Blackhawks.
Shots for this period are 11 for Red Wings vs 9 for Blackhawks.